cohdb
Replays
Latest Replays
All Replays
Popular Replays
Top Player Replays
Match Explorer
How It Works
Community
CoH3 Stats
Reddit
Sign in to upload your games and track your stats! →
Sign in with Steam
Match 47581033
Unlisted
Match 47581033
Overview
Messages
Build Orders
End
Construct Infanterie Kompanie
Selects Mechanized Battlegroup
Grenadier Squad
MG 42 Machine Gun Team
Grenadier Squad
GrW 34 Mortar Team
Construct Panzergrenadier Kompanie
251 Medium Carrier
251 Medium Carrier
Medical Station
Infanterie Officer Quarters
Panzergrenadier Officer Quarters
Selects Raid Package
Panzergrenadier Squad
Makketsai
Utopia
WrebbsJohnsonGiver2
Siso
晓宇
kaokla008
寶兔兔
Aale Peter
0
0
Comments
sign in to comment!
No comments posted yet!